 Dungeon Crawl Stone Soup version 0.31.0-11-ge490571c62 (webtiles) character file.

Game seed: 4150563294582900828

257 Arcadio the Ducker (level 6, -1/46 HPs)
             Began as a Djinni Fire Elementalist on Jan 27, 2024.
             Slain by Pikel
             ... wielding a +0 whip of flaming
              (3 damage)
             ... on level 5 of the Dungeon.
             The game lasted 00:04:07 (3013 turns).

Arcadio the Ducker (Djinni Fire Elementalist)       Turns: 3013, Time: 00:04:08

Health: -1/46      AC:  5    Str:  7    XL:     6   Next: 39%
Gold:   172        EV: 13    Int: 18    God:
                   SH:  0    Dex: 14

rFire   + + +        u - staff of fire
rCold   x . .        (no shield)
rNeg    . . .        n - +1 animal skin
rPois   ∞            e - +0 helmet
rElec   .            (no cloak)
rCorr   .            q - +0 pair of gloves
SInv    .            (boots unavailable)
Will    .....        (no amulet)
Stlth   ++           (no ring)
HPRegen 0.27/turn    (no ring)
MPRegen 0.00/turn

%: infuse magic (-2 HP)
@: flying
A: sickness immunity, fire resistance 2, cold vulnerability 1, float, innate
caster, HP casting, extra vitality 1
a: no special abilities


You were on level 5 of the Dungeon.
You visited 1 branch of the dungeon, and saw 5 of its levels.

You collected 172 gold pieces.

Inventory:

Hand Weapons
 d - a +0 dagger
 g - a +2 dagger of venom
Armour
 a - a +0 robe
 e - a +0 helmet (worn)
 l - a +0 buckler
 n - a +1 animal skin (worn)
 q - a +0 pair of gloves (worn)
Magical Staves
 u - a staff of fire (weapon)
Jewellery
 i - a ring of ice
Wands
 t - a wand of digging (8)
Scrolls
 c - 2 scrolls of enchant weapon {unknown}
 f - 2 scrolls of identify {unknown}
 j - 2 scrolls of noise {unknown}
 m - a scroll of silence {unknown}
 o - a scroll of torment {unknown}
 p - 2 scrolls of revelation {unknown}
 r - a scroll of fear {unknown}
 v - a scroll of teleportation {unknown}
Potions
 b - a potion of invisibility {unknown}
 h - a potion of curing
 k - 2 potions of attraction {unknown}
 s - 2 potions of might {unknown}


   Skills:
 + Level 3.1 Fighting
 + Level 4.2 Dodging
 - Level 1.5 Stealth
 + Level 4.1 Spellcasting
 + Level 4.1 Conjurations
 + Level 4.1 Hexes
 + Level 4.1 Summonings
 + Level 4.1 Necromancy
 + Level 4.1 Translocations
 + Level 4.1 Fire Magic
 + Level 4.1 Ice Magic
 + Level 4.1 Air Magic
 + Level 4.1 Earth Magic
 + Level 4.1 Alchemy


You knew the following spells:

 Your Spells              Type           Power      Damage    Failure   Level
a - Foxfire               Conj/Fire      100%       2x1d9     2%          1
b - Scorch                Fire           54%        2d7       4%          2
c - Volatile Blastmotes   Fire/Tloc      54%        2d14      9%          3
d - Inner Flame           Hex/Fire       27%        N/A       9%          3
e - Flame Wave            Conj/Fire      27%        2d9       26%         4
f - Summon Small Mammal   Summ           72%        N/A       2%          1
g - Momentum Strike       Conj/Tloc      36%        3d9       4%          2
Your spell library was empty.

Dungeon Overview and Level Annotations

Branches:
Dungeon (5/15)
 Temple: D:4-7

Altars:
Okawaru

Annotations:
D:4 Blork the orc
D:5 Pikel


Innate Abilities, Weirdness & Mutations

You are immune to sickness and miasma.
You are immune to poison.
Your flesh is very heat resistant. (rF++)
You are vulnerable to cold. (rC-)
You float through the air rather than walking.
You learn spells naturally, not from books.
Your magical power is your life essence.
You have superior vitality. (+4 MHP)


Message History

You feel a surge of power!
Flames lash the lemure.
The lemure is moderately wounded.
The lemure's fire resistance burns away.
Pikel barely misses you.
Casting: Scorch (safe; 4% risk of failure)
Confirm with . or Enter, or press ? or * to list all spells.
You feel a surge of power!
Flames lash the lemure.
The lemure is burned terribly!
You kill the lemure!
That felt strangely unrewarding.
Pikel hits you with a +0 whip of flaming.
Casting: Scorch (safe; 4% risk of failure)
Confirm with . or Enter, or press ? or * to list all spells.
You feel a surge of power!
Flames lash the lemure.
The lemure is burned terribly!
You kill the lemure!
That felt strangely unrewarding.
Pikel hits you with a +0 whip of flaming!
* * * LOW HITPOINT WARNING * * *
It was a potion of curing.
You feel better.
The lemure is no longer more vulnerable to fire.
Pikel hits you with a +0 whip of flaming!
* * * LOW HITPOINT WARNING * * *
You feel better.
Pikel hits you with a +0 whip of flaming.
* * * LOW HITPOINT WARNING * * *
Okay, then.
Okay, then.
Pikel attacks as he pursues you! Pikel closely misses you.
There is a stone staircase leading down here.
Pikel hits you but does no damage.
You fly downwards.
There is a stone staircase leading up here.
Pikel attacks as he pursues you!
Pikel hits you with a +0 whip of flaming.
* * * LOW HITPOINT WARNING * * *
Pikel attacks as he pursues you!
Pikel hits you with a +0 whip of flaming.
You die...
Pikel says, "See you in Hell!"

# .......##....
##.. #.....#.....
#... ##...........
#..##............
#..#....<.......
###...............
#.................
...#.K....B.#....
#.@.....).....
>.......##.......##
.......##........#
....... .........
....... ..#......
....... .##.#..
....... .# .....##


You could see Pikel and a bombardier beetle.

Vanquished Creatures
  2 lemures (D:4)
  2 bombardier beetles
  A hound (D:4)
  An orc wizard (D:4)
  Terence (D:2)
  Robin (D:2)
  3 adders
  A ribbon worm (D:3)
  4 orcs
  4 ball pythons
  2 endoplasms
  3 giant cockroaches
  10 goblins
  9 hobgoblins
  7 jackals
  3 kobolds
  2 quokkas (D:1)
  3 bats
  5 frilled lizards
  4 rats
68 creatures vanquished.

Vanquished Creatures (others)
  15 foxfires (D:1)
15 creatures vanquished.

Grand Total: 83 creatures vanquished

Notes
Turn   | Place    | Note
-------+----------+-------------------------------------------
     0 | D:1      | Arcadio the Djinni Fire Elementalist began the quest for
                  | the Orb.
     0 | D:1      | Arcadio set off with the following spells memorised:
                  | Foxfire, Scorch, Volatile Blastmotes, Inner Flame, Flame
                  | Wave.
     0 | D:1      | Reached XP level 1. HP: 15/15 MP: 0/0
   150 | D:1      | Reached XP level 2. HP: 21/22 MP: 0/0
   329 | D:1      | Reached skill level 1 in Fighting
   426 | D:1      | Reached XP level 3. HP: 23/27 MP: 0/0
   426 | D:1      | Learned a level 1 spell: Summon Small Mammal
  1031 | D:2      | Noticed Terence
  1037 | D:2      | Killed Terence
  1038 | D:2      | Reached XP level 4. HP: 16/33 MP: 0/0
  1243 | D:2      | Noticed Robin
  1251 | D:2      | Killed Robin
  1752 | D:2      | Identified the +0 scale mail "Haocegot" {+Inv Regen+}
  1866 | D:3      | Reached XP level 5. HP: 34/38 MP: 0/0
  1866 | D:3      | Learned a level 2 spell: Momentum Strike
  1927 | D:3      | Found an iron altar of Okawaru.
  2618 | D:4      | Reached XP level 6. HP: 38/45 MP: 0/0
  2942 | D:4      | Noticed Pikel
  2943 | D:4      | Noticed Blork the orc
  3009 | D:5      | Entered Level 5 of the Dungeon
  3010 | D:5      | HP: 1/46 [Pikel/+0 whip of flaming (6)]
  3013 | D:5      | Slain by Pikel

Illustrated notes

Levels and vault maps discovered:
D:1:      dreamdust_arrival_sigmund_warning, layout_basic,
          minmay_misc_feat_ornament
D:2:      layout_loops_cross, serial_bayou_crossing, uniq_terence, uniq_robin
D:3:      layout_loops_cross, old_standard_altar, due_unseen_surprise
D:4:      layout_basic, st_stairs_10, nicolae_elemental_shop, minivault_1,
          uniq_blork_the_orc, uniq_pikel
D:5:      layout_cave_pools, mainiacjoe_overflow_boulevard

Skill      XL: |  1  2  3  4  5  6 |
---------------+-------------------+-----
Fighting       | 1 2 3 |  3.1
Dodging        | 3 4 |  4.2
Spellcasting   | 4 |  4.1
Conjurations   | 4 |  4.1
Hexes          | 4 |  4.1
Summonings     | 4 |  4.1
Necromancy     | 4 |  4.1
Translocations | 4 |  4.1
Fire Magic     | 4 |  4.1
Ice Magic      | 4 |  4.1
Air Magic      | 4 |  4.1
Earth Magic    | 4 |  4.1
Alchemy        | 4 |  4.1
Stealth        | |  1.5

Action                     |  1- 3 |  4- 6 || total
---------------------------+-------+-------++-------
  Melee: Dagger            |     4 |     3 ||     7
   Cast: Foxfire           |    10 |       ||    10
         Scorch            |    29 |    67 ||    96
    Use: Potion            |       |     2 ||     2
   Stab: Sleeping          |     2 |       ||     2
 Armour: Robe              |    11 |     3 ||    14
         Animal skin       |       |    19 ||    19
  Dodge: Dodged            |     9 |    19 ||    28
